 Dungeon Crawl Stone Soup version 0.29-a0-375-g5102b3be25 (webtiles) character file.

Game seed: 9018682913928323663

257 mistaj the Skirmisher (level 6, 0/39 HPs)
             Began as a Gargoyle Fighter on May 3, 2022.
             Slain by an ogre
             ... wielding a +0 giant club
              (9 damage)
             ... on level 4 of the Dungeon.
             The game lasted 00:04:06 (4035 turns).

mistaj the Skirmisher (Gargoyle Fighter)            Turns: 4035, Time: 00:04:06

Health: 0/39       AC: 12    Str: 20    XL:     6   Next: 16%
Magic:  6/6        EV:  9    Int: 10    God:
Gold:   194        SH:  4    Dex:  9    Spells: 5/5 levels left

rFire   . . .      SeeInvis .   a - +0 flail
rCold   . . .      Faith    .   c - +0 buckler
rNeg    + . .      Spirit   .   b - +0 scale mail
rPois   ∞          Reflect  .   (no helmet)
rElec   +          Harm     .   (no cloak)
rCorr   .          Rampage  .   r - +0 pair of gloves
Will    .....                   (no boots)
Stlth   ..........              (no amulet)
HPRegen 0.13/turn               p - ring of flight
MPRegen 0.10/turn               (no ring)

@: flying
A: sickness immunity, AC +4, negative energy resistance 1, electricity
resistance, torment resistance 1, petrification resistance
a: no special abilities


You were on level 4 of the Dungeon.
You visited 1 branch of the dungeon, and saw 5 of its levels.

You collected 194 gold pieces.

Inventory:

Hand Weapons
 a - a +0 flail (weapon)
Missiles
 e - a throwing net (quivered)
Armour
 b - a +0 scale mail (worn)
 c - a +0 buckler (worn)
 r - a +0 pair of gloves (worn)
Jewellery
 i - a ring of ice
 p - a ring of flight (left hand)
Scrolls
 h - 2 scrolls of noise {unknown}
 j - 2 scrolls of magic mapping {unknown}
 k - a scroll of enchant armour {unknown}
 l - 2 scrolls of teleportation {unknown}
 m - a scroll of enchant weapon {unknown}
 n - 2 scrolls of amnesia {unknown}
 o - a scroll of poison {unknown}
 q - a scroll of immolation {unknown}
 u - a scroll of identify {unknown}
 v - a scroll of brand weapon {unknown}
Potions
 d - 3 potions of might
 f - a potion of mutation {unknown}
 g - 4 potions of curing {unknown}
 s - a potion of lignification {unknown}
 t - 2 potions of flight {unknown}


   Skills:
 + Level 4.6 Fighting
 + Level 3.5 Maces & Flails
 + Level 4.6 Armour
 + Level 4.6 Shields


You had 5 spell levels left.
You didn't know any spells.
Your spell library contained the following spells:

 Spells                   Type           Power      Damage    Failure   Level
 Shock                    Conj/Air       0%         1d3       80%         1
 Blink                    Tloc           0%         N/A       90%         2
 Ignite Poison            Fire/Tmut/Pois 0%         N/A       99%         3
 Mephitic Cloud           Conj/Pois/Air  0%         N/A       99%         3
 Freezing Cloud           Conj/Ice/Air   0%         6-21      100%        5
 Manifold Assault         Tloc           0%         N/A       100%        5
 Storm Form               Tmut/Air       0%         N/A       100%        7


Dungeon Overview and Level Annotations

Branches:
Dungeon (5/15)
 Temple: D:4-7

Altars:


Innate Abilities, Weirdness & Mutations

You are immune to sickness and miasma.
Your stone body is resilient. (AC +4)
You are immune to poison.
You resist negative energy. (rN+)
You are resistant to electric shocks. (rElec)
You are resistant to unholy torment.
You are immune to petrification.


Message History

The ogre is lightly wounded.
The shadow imp hits you but does no damage.
You hit the ogre.
The ogre is moderately wounded.
The ogre barely misses you.
The shadow imp hits you but does no damage. x2
The ogre hits you with a +0 giant club!
You sock the orc!
You kill the orc!
The ogre closely misses you. The shadow imp hits you.
You hit the orc.
The orc is heavily wounded.
The orc hits you but does no damage.
The orc priest hits you but does no damage.
The shadow imp gestures at you. Pain shoots through your body!
You block the ogre's attack.
You closely miss the orc.
The orc is heavily wounded.
The orc hits you but does no damage.
The orc priest hits you from afar with a +0 trident.
* * * LOW HITPOINT WARNING * * *
The shadow imp hits you but does no damage.
You sock the orc!
You kill the orc!
The ogre closely misses you. The shadow imp barely misses you.
The orc priest hits you but does no damage.
The shadow imp hits you but does no damage.
You block the orc priest's attack.
The orc priest hits you but does no damage.
There is a stone staircase leading up here.
Items here: )) [ ††.
The ogre hits you but does no damage. The orc priest barely misses you.
The orc barely misses you.
You fly upwards.
There is a stone staircase leading down here.
You closely miss the orc. The ogre barely misses you.
You block the orc's attack.
You hit the orc but do no damage. You block the orc's attack.
The ogre hits you with a +0 giant club!
You die...

#.#### ##.....##
##.. #.# ##...## ##.
#####.######## ##'##
## #............#
#.# #.###.###.##.#
#.# #.# #.# #.##.#
##.## #.# #.###.##.#
##...######### #.#
#.....##o#
#............. #.#
#.###.##@#
##...######### #.#
#.###.##O# #..##
#.###........####..#
#.................)#
########...#######.#
##### ###.#####
#.......# #.#.###.#
#.#.# #<#


You could see an ogre and an orc.

Vanquished Creatures
  A necrophage (D:4)
  A scorpion (D:4)
  An iguana (D:4)
  An orc wizard (D:3)
  2 adders
  A worm (D:3)
  4 dart slugs
  5 orcs
  5 endoplasms
  5 giant cockroaches
  7 goblins
  4 hobgoblins
  3 jackals (D:1)
  8 kobolds
  2 quokkas
  4 ball pythons
  3 rats (D:1)
57 creatures vanquished.

Vanquished Creatures (others)
  2 plants (D:1)
2 creatures vanquished.

Grand Total: 59 creatures vanquished

Notes
Turn   | Place    | Note
-------+----------+-------------------------------------------
     0 | D:1      | mistaj the Gargoyle Fighter began the quest for the Orb.
     0 | D:1      | Reached XP level 1. HP: 14/14 MP: 1/1
   135 | D:1      | Reached XP level 2. HP: 19/19 MP: 2/2
   394 | D:1      | Found a faded altar of an unknown god.
   404 | D:1      | Got Plato's Reference Book on Feathers
   554 | D:1      | Reached XP level 3. HP: 22/23 MP: 3/3
  1917 | D:3      | Reached XP level 4. HP: 22/29 MP: 4/4
  2947 | D:4      | Noticed a necrophage
  3017 | D:4      | Noticed a scorpion
  3029 | D:4      | Killed a scorpion
  3030 | D:4      | Reached XP level 5. HP: 26/33 MP: 5/5
  3461 | D:4      | Reached XP level 6. HP: 22/39 MP: 6/6
  4019 | D:5      | Entered Level 5 of the Dungeon
  4035 | D:4      | Slain by an ogre

Illustrated notes

Levels and vault maps discovered:
D:1:      dpeg_arrival_prison, layout_loops_cross,
          shapermc_ecumenical_altar_rom_forum
D:2:      layout_rooms, serial_corexii_hall, chequers_hall_statues_corner_a,
          corexii_hall_statues_i
D:3:      layout_loops_ring
D:4:      layout_loops_corners
D:5:      layout_basic, mainiacjoe_overflow_boulevard, serial_undead,
          serial_undead_e, serial_undead_e, serial_undead_e, serial_undead_d,
          serial_undead_e, serial_undead_b, serial_undead_d

Skill      XL: |  1  2  3  4 |
---------------+-------------+-----
Armour         | 4 |  4.6
Fighting       | 4 |  4.6
Shields        | 4 |  4.6
Maces & Flails | 3 |  3.5

Action                   |  1- 3 |  4- 6 || total
-------------------------+-------+-------++-------
Melee: Flail             |    93 |   135 ||   228
Armor: Scale mail        |    50 |    79 ||   129
Dodge: Dodged            |    37 |    57 ||    94
Block: Buckler           |    16 |    27 ||    43

Table legend: (Time is in decaauts)
 A = Elapsed time spent in this place.
 B = Non-inter-level travel time spent in this place.
 C = Inter-level travel time spent in this place.
 D = Time resting spent in this place.
 E = Time spent auto-exploring this place.
 F = Levels seen in this place.
 G = Mean time per level.
                   A        B        C        D        E       F      G
               +--------+--------+--------+--------+--------+-----+--------+
         Total |   4103 |   3989 |    114 |   1287 |   1993 |   5 |  820.6 |
       Dungeon |   4103 |   3989 |    114 |   1287 |   1993 |   5 |  820.6 |
               +--------+--------+--------+--------+--------+-----+--------+

Top non-repeatable levels by time:
     D:3: 1148 daAuts
     D:4: 1119 daAuts
     D:1: 1034 daAuts
     D:2: 785 daAuts
     D:5: 15 daAuts
